 Dungeon Crawl Stone Soup version 0.27-a0-1196-g3e9cee4cb2 (webtiles) character file.

Game seed: 14345844616867615593

8 Kold the Skirmisher (level 2, 21/24 HPs)
             Began as a Demonspawn Monk on May 28, 2021.
             Quit the game on level 1 of the Dungeon.
             The game lasted 00:00:28 (369 turns).

Kold the Skirmisher (Demonspawn Monk)                Turns: 369, Time: 00:00:29

Health: 21/24      AC:  2    Str: 11    XL:     2   Next: 0%
Magic:  2/2        EV: 13    Int: 11    God:
Gold:   0          SH:  0    Dex: 17    Spells: 1/1 levels left

rFire    . . .     SeeInvis .     - Unarmed
rCold    . . .     Faith    .   (no shield)
rNeg     . . .     Spirit   .   a - +0 robe
rPois    .         Reflect  .   (no helmet)
rElec    .         Harm     .   (no cloak)
rCorr    .         Rampage  .   (no gloves)
Will     .....                  (no boots)
Stlth    +++.......             (no amulet)
HPRegen  0.08/turn              (no ring)
MPRegen  0.08/turn              (no ring)

@: no status effects
A: thin skeletal structure 1
a: no special abilities


You were on level 1 of the Dungeon.
You visited 1 branch of the dungeon, and saw 1 of its levels.

Inventory:

Armour
 a - a +0 robe (worn)
Scrolls
 c - a scroll of identify {unknown}
 d - a scroll of fear {unknown}
Potions
 b - a potion of curing {unknown}


   Skills:
 + Level 3.1 Fighting
 + Level 2.8 Dodging
 + Level 2.0 Stealth
 + Level 2.8 Unarmed Combat


You had one spell level left.
You didn't know any spells.
Your spell library was empty.

Dungeon Overview and Level Annotations

Branches:
Dungeon (1/15)

Altars:


Innate Abilities, Weirdness & Mutations

You have a somewhat thin skeletal structure. (Dex +2, Stealth+)


Message History

A bat is nearby!
The bat closely misses you. x2
You miss the bat. The bat misses you. The bat closely misses you.
You barely miss the bat. The bat barely misses you. x2
You closely miss the bat. The bat closely misses you.
The bat hits you but does no damage. The bat closely misses you.
You closely miss the bat. The bat hits you.
You hit the bat.
You kill the bat!
You see here a +0 dagger.
You see here a +0 mace.
You see here a bat corpse.
A rat comes into view.
A rat is nearby!
You barely miss the rat. The rat misses you.
You completely miss the rat. The rat barely misses you.
You hit the rat.
The rat is severely wounded.
The rat bites you but does no damage.
You closely miss the rat.
The rat is severely wounded.
The rat barely misses you.
You hit the rat but do no damage.
The rat is severely wounded.
A rat is nearby!
You closely miss the rat.
The rat is severely wounded.
The rat bites you.
You hit the rat but do no damage.
The rat is severely wounded.
The rat bites you but does no damage.
You hit the rat.
You kill the rat!
You have reached level 2!
Your demonic ancestry asserts itself...
Your bones become slightly less dense.
Autopickup is now off.
Unknown command.
Autopickup is now on.
Are you sure you want to abandon this character and quit the game? (Confirm with "yes".)

#####.#
#####.############
...##............#
.......#########.#
..........# #.#
##.#...##.# #.#
##.....##.# #.#
####..###.# #.#
####..###.## #@#
...........## #.#
.###.....#..## #.#
.###......^..# #.#
.......⌠...⌠.# #.##
.###....#'#..##.#.##
.#
#....#<#..#.###.##
.# ##...###...# ##.#
.# ##.⌠...⌠.#.###.##


There were no monsters in sight!

Vanquished Creatures
  A ball python (D:1)
  A bat (D:1)
  An endoplasm (D:1)
  2 hobgoblins (D:1)
  2 rats (D:1)
7 creatures vanquished.

Notes
Turn   | Place    | Note
-------+----------+-------------------------------------------
     0 | D:1      | Kold the Demonspawn Monk began the quest for the Orb.
     0 | D:1      | Reached XP level 1. HP: 18/18 MP: 1/1
   368 | D:1      | Gained mutation: You have a somewhat thin skeletal
                  | structure. (Dex +2, Stealth+) [demonic ancestry]
   368 | D:1      | Reached XP level 2. HP: 21/24 MP: 2/2
   369 | D:1      | Quit the game

Illustrated notes

Levels and vault maps discovered:
D:1:      scummos_arrival_simple_fountains, layout_loops_cross,
          shapermc_ecumenical_altar_hornbeckon

Skill      XL: |  1 |
---------------+----+-----
Stealth        | 2 |  2.0
Fighting       | |  3.1
Dodging        | |  2.8
Unarmed Combat | |  2.8

Action                   || total
-------------------------++-------
Melee: Unarmed           ||    40
 Stab: Sleeping          ||     1
Armor: Robe              ||     6
Dodge: Dodged            ||    28

Table legend: (Time is in decaauts)
 A = Elapsed time spent in this place.
 B = Non-inter-level travel time spent in this place.
 C = Inter-level travel time spent in this place.
 D = Time resting spent in this place.
 E = Time spent auto-exploring this place.
 F = Levels seen in this place.
 G = Mean time per level.
                   A        B        C        D        E       F      G
               +--------+--------+--------+--------+--------+-----+--------+
         Total |    366 |    366 |      0 |    157 |    135 |   1 |  366.0 |
       Dungeon |    366 |    366 |      0 |    157 |    135 |   1 |  366.0 |
               +--------+--------+--------+--------+--------+-----+--------+

Top non-repeatable levels by time:
     D:1: 366 daAuts
